 Dungeon Crawl Stone Soup version 0.31-a0-986-g5e6e4ef867 (webtiles) character file.

Game seed: 415464796314456755

174 Persephone the Changeling (level 5, -2/22 HPs)
             Began as a Felid Shapeshifter on Nov 7, 2023.
             Was an Initiate of Hepliaklqana.
             Slain by Duvessa
             ... wielding a +0 short sword
              (8 damage)
             ... on level 4 of the Dungeon.
             The game lasted 00:03:36 (2427 turns).

Persephone the Changeling (Felid Shapeshifter)      Turns: 2427, Time: 00:03:37

Health: -2/22      AC:  1    Str: 12    XL:     5   Next: 28%
Magic:  6/6        EV: 17    Int: 12    God:    Hepliaklqana [......]
Gold:   197        SH:  0    Dex: 15    Spells: 4/4 levels left
                                        Lives:  0   Deaths: 2

rFire   . .          .
                       - Unarmed
rCold   . . .        (shield unavailable)
rNeg    . . .        (body armour unavailable)
rPois   .            (helmet unavailable)
rElec   .            (cloak unavailable)
rCorr   .            (gloves unavailable)
SInv    +            (boots unavailable)
Will    .....        (no amulet)
Stlth   ++           (no ring)
HPRegen 0.23/turn    (no ring)
MPRegen 0.10/turn

%: no passive effects
@: beast-form, quick
A: beast (slay +2), very small, claws 1, fangs 3, see invisible, speed 1, shaggy
fur 1, stealthy paws, no weapons or thrown items, no armour, multi-lived
a: Begin Untransformation, Renounce Religion


You were on level 4 of the Dungeon.
You worshipped Hepliaklqana.
Hepliaklqana was noncommittal.
You were a hulking beast.
You visited 1 branch of the dungeon, and saw 4 of its levels.

You collected 197 gold pieces.

Inventory:

Talismans
 b - a beast talisman
 c - a flux talisman
Scrolls
 d - a scroll of amnesia {unknown}
 f - a scroll of teleportation {unknown}
 i - a scroll of revelation {unknown}
 j - 3 scrolls of identify {unknown}
 k - 2 scrolls of blinking {unknown}
 l - a scroll of enchant armour {unknown}
 p - a scroll of enchant weapon {unknown}
Potions
 a - 4 potions of lignification
 e - a potion of ambrosia {unknown}
 g - a potion of haste {unknown}
 h - a potion of heal wounds
 m - a potion of attraction {unknown}
 n - a potion of might {unknown}
 o - a potion of resistance {unknown}
 q - a potion of magic {unknown}
 r - a potion of brilliance {unknown}


   Skills:
 + Level 2.2 Fighting
 - Level 2.6 Dodging
 + Level 2.5 Stealth
 * Level 4.2 Unarmed Combat
 * Level 4.5 Shapeshifting


You had 4 spell levels left.
You didn't know any spells.
Your spell library contained the following spells:

 Spells                   Type           Power      Damage    Failure   Level
 Cigotuvi's Dreadful Rot  Necr/Pois/Air  0%         N/A       45%         2
 Ignite Poison            Fire/Tmut/Pois 0%         N/A       69%         3
 Freezing Cloud           Conj/Ice/Air   0%         6-21      100%        5


Dungeon Overview and Level Annotations

Branches:
Dungeon (4/15)
 Temple: D:4-7

Altars:
Dithmenos
Elyvilon
Hepliaklqana
Okawaru
Ru

Annotations:
D:4 Duvessa


Innate Abilities, Weirdness & Mutations

You are a hulking beast.
Your limbs bulge with bestial killing power. (Slay +2)
You have sharp claws.
You have razor-sharp teeth.
You have supernaturally acute eyesight. (SInv)
You cover ground quickly. (Speed+)
You are covered in fur. (AC +1)
Your paws help you pounce on unaware monsters.
You are incapable of wielding weapons or throwing items.
You cannot wear armour.
You gain extra lives every three experience levels.


Message History

Getting closest target; Target found Lua - initiating combat actions on Dowan || reach is 1 Lua - Auto Kill stopped.
Not in fighting shape.
Lua - done fight_enemy()
You scratch Dowan. You bite Dowan!
Dowan is heavily wounded.
Dowan gestures wildly while chanting.
Dowan blinks!
Dowan casts a spell at you. The puff of frost hits you.
Dowan's robes are whipped around by a magical breeze.
You claw Dowan! Your bite misses Dowan.
Dowan is almost dead.
Dowan hits you with a +0 dagger.
* * * LOW HITPOINT WARNING * * *
You closely miss Dowan. Your bite misses Dowan.
Dowan is almost dead.
Dowan casts a spell at you. The puff of frost misses you.
The puff of frost hits Duvessa.
You scratch Dowan.
You kill Dowan!
Duvessa weeps, and shakes her weapon.
Duvessa goes berserk!
You have reached level 5!
You feel clever.
Okay, then.
You feel much better. Duvessa barely misses you. Duvessa closely misses you.
You barely miss Duvessa. Your bite misses Duvessa.
Duvessa is lightly wounded.
Duvessa barely misses you.
You scratch Duvessa.
Duvessa is moderately wounded.
Duvessa hits you with a +0 short sword!
Ouch! That really hurt!
* * * LOW HITPOINT WARNING * * *
You scratch Duvessa.
Duvessa is moderately wounded.
Duvessa misses you. Duvessa hits you with a +0 short sword!
You die...

..# #. #..# ##...# #
..## #.. #..#
##....####. ...##..#
###..####.........#
......##
####....##...##.....##
.......#
##..........#####...##
........###....###...##
#....#
....##..?.....####...#
##...## ......#
#............#
##...#### ...###.#.
#....eh.)..###...##...
....# .#
#.##########....##..#
....###.# #....#..#
##...#..# ##.....#
.##..!.?##. ##...##
............. #####
..........(..
.###.......#.
.............


You could see Duvessa (berserk).

Vanquished Creatures
  Dowan (D:4)
  5 adders
  A gnoll (D:1)
  A worm (D:3)
  2 dart slugs
  10 ball pythons
  3 bats
  6 endoplasms
  3 giant cockroaches
  9 goblins
  4 hobgoblins
  3 jackals (D:3)
  5 kobolds
  A quokka (D:3)
  2 frilled lizards
  7 rats
63 creatures vanquished.

Notes
Turn   | Place    | Note
-------+----------+-------------------------------------------
     0 | D:1      | Persephone the Felid Shapeshifter began the quest for the
                  | Orb.
     0 | D:1      | Reached XP level 1. HP: 9/9 MP: 2/2
   300 | D:1      | Reached XP level 2. HP: 8/12 MP: 3/3
   385 | D:1      | Slain by a gnoll
   490 | D:1      | Reached skill level 1 in Stealth
   836 | D:1      | Reached XP level 3. HP: 15/15 MP: 4/4
  1400 | D:2      | Reached XP level 4. HP: 19/19 MP: 5/5
  1423 | D:2      | Found a faded altar of an unknown god.
  2248 | D:3      | Found an iron altar of Okawaru.
  2248 | D:3      | Found a sacrificial altar of Ru.
  2248 | D:3      | Found a hazy altar of Hepliaklqana.
  2249 | D:3      | Found a white marble altar of Elyvilon.
  2249 | D:3      | Found a shadowy altar of Dithmenos.
  2327 | D:3      | Became a worshipper of Hepliaklqana the Forgotten
  2354 | D:4      | Noticed Dowan
  2357 | D:4      | Noticed Duvessa
  2362 | D:4      | Killed from afar by Dowan
  2422 | D:4      | Killed Dowan
  2423 | D:4      | Reached XP level 5. HP: 6/22 MP: 6/6
  2427 | D:4      | Slain by Duvessa

Illustrated notes

Levels and vault maps discovered:
D:1:      matt_arrival_grand_opening, layout_basic, hangedman_glass_teeth
D:2:      layout_basic, ebering_ecumenical_altar_abandoned,
          minmay_close_crescents
D:3:      layout_basic, grunt_temple_overflow_open
D:4:      layout_layer_cave, serial_shops, nicolae_shop_mannequins, uniq_duvessa

Skill      XL: |  1  2  3  4 |
---------------+-------------+-----
Stealth        | 1 2 |  2.5
Shapeshifting  | 4 |  4.5
Fighting       | 2 |  2.2
Unarmed Combat | 4 |  4.2
Dodging        | |  2.6

Action                     |  1- 3 |  4- 6 || total
---------------------------+-------+-------++-------
  Melee: Unarmed           |    73 |    67 ||   140
         Bite              |     6 |     4 ||    10
         Punch             |       |     3 ||     3
    Use: Potion            |       |     2 ||     2
   Stab: Sleeping          |     3 |     3 ||     6
         Distracted        |     1 |       ||     1
 Armour: Skin              |    19 |    24 ||    43
  Dodge: Dodged            |    52 |    38 ||    90

Table legend: (Time is in decaauts)
 A = Elapsed time spent in this place.
 B = Non-inter-level travel time spent in this place.
 C = Inter-level travel time spent in this place.
 D = Time resting spent in this place.
 E = Time spent auto-exploring this place.
 F = Levels seen in this place.
 G = Mean time per level.
                   A        B        C        D        E       F      G
               +--------+--------+--------+--------+--------+-----+--------+
         Total |   2051 |   2026 |     25 |      0 |   1631 |   4 |  512.8 |
       Dungeon |   2051 |   2026 |     25 |      0 |   1631 |   4 |  512.8 |
               +--------+--------+--------+--------+--------+-----+--------+

Top non-repeatable levels by time:
     D:1: 741 daAuts
     D:2: 628 daAuts
     D:3: 607 daAuts
     D:4: 74 daAuts
